 Dungeon Sprint DCSS version 0.30-a0-4-ga7cffc901d (webtiles) character file.

Game seed: 12781638361882058292

12934 mhtbhm the Ninja (level 11, -10/56 HPs)
             Began as a Spriggan Brigand on Aug 20, 2022.
             Was the Champion of Dithmenos.
             Mangled by a four-headed hydra simulacrum (11 damage)
             ... in the Dungeon (Sprint III: "The Ten Rune Challenge").
             The game lasted 00:08:40 (1972 turns).

mhtbhm the Ninja (Spriggan Brigand)                 Turns: 1972, Time: 00:08:42

Health: -10/56     AC:  6    Str:  5    XL:     11   Next: 69%
Magic:  19/22      EV: 23    Int: 12    God:    Dithmenos [******]
Gold:   1732       SH:  0    Dex: 22    Spells: 8/10 levels left

rFire   . . .      SeeInvis +    a - +2 dagger (venom)
rCold   + . .      Faith    .    (no shield)
rNeg    . . .      Spirit   .    b - +2 robe
rPois   .          Reflect  .    l - +2 hat
rElec   +          Harm     .    c - scarf {repulsion}
rCorr   .          Rampage  .    (gloves unavailable)
Will    +....      NoTele   +    (boots unavailable) Stlth *********+
                                 (no amulet)
HPRegen 0.98/turn                o - ring "Ramm" {rElec rC+}
MPRegen 0.18/turn                w - ring of flight

@: flying, wreathed by umbra, repel missiles, very quick
A: very small, no large weapons, unfitting armour, see invisible, speed 3, sense
surroundings 1, regeneration 1, weak 1
a: Renounce Religion, Shadow Step, Shadow Form


You were in the Dungeon.
You worshipped Dithmenos.
Dithmenos was exalted by your worship.
You visited 1 branch You collected 3916 gold pieces.
You spent 2184 gold pieces at shops.

Inventory:

Hand Weapons
 a - a +2 dagger of venom (weapon)
Missiles
 d - 9 poisoned darts
 e - 8 curare-tipped darts (quivered)
 x - 10 datura-tipped darts
Armour
 b - a +2 robe (worn)
 c - a scarf of repulsion (worn)
 l - a +2 hat (worn)
Jewellery
 o - the ring "Ramm" (left hand) {rElec rC+}
   (You bought it in a shop in the Dungeon)

   [ring of protection from cold]

   rC:        It protects you from cold.
   rElec:     It insulates you from electricity.
 w - a ring of flight (right hand)
Scrolls
 k - 2 scrolls of blinking
 n - a scroll of poison
 q - a scroll of torment {unknown}
Potions
 f - 2 potions of curing
 g - 3 potions of heal wounds
 h - a potion of haste
 i - 2 potions of magic
 j - 3 potions of berserk rage
 m - 2 potions of mutation
 p - 2 potions of flight
 r - 2 potions of degeneration {unknown}
 s - 2 potions of ambrosia {unknown}
 t - a potion of might
 v - 3 potions of resistance
Miscellaneous
 u - a lightning rod (4/4)


   Skills:
 + Level 5.7 Fighting
 + Level 10.8 Short Blades
 + Level 11.6 Throwing
 + Level 7.0 Dodging
 O Level 27 Stealth
 * Level 13.6 Invocations
 + Level 12.5 Evocations


You had 8 spell levels left.
You knew the following spells:

 Your Spells              Type           Power      Damage    Failure   Level
a - Wereblood             Tmut           0%         N/A       45%         2

Your spell library contained the following spells:

 Spells                   Type           Power      Damage    Failure   Level
 Sublimation of Blood     Necr           0%         N/A       45%         2
 Call Canine Familiar     Summ           0%         N/A       69%         3
 Portal Projectile        Hex/Tloc       0%         N/A       69%         3
 Leda's Liquefaction      Hex/Erth       0%         N/A       97%         4
 Summon Hydra             Summ           0%         N/A       100%        7


Dungeon Overview and Level Annotations

Branches:
Dungeon (1/1)

Altars:
Cheibriados
Dithmenos
Elyvilon
Fedhas
Gozag
Hepliaklqana
Kikubaaqudgha
Makhleb
Nemelex Xobeh
Okawaru
Qazlal
Ru
Sif Muna
Trog
Uskayaw
Vehumet
Wu Jian
Xom
Yredelemnul
Zin
The Shining One
Jiyva
Lugonu

Shops:
D :==(?(![:[([

Annotations:
D exclusion: orange crystal statue


Innate Abilities, Weirdness & Mutations

You are very small and have problems with some larger weapons.
You are too small for most types of armour.
You have supernaturally acute eyesight. (SInv)
You cover ground extremely quickly. (Speed+++)
You passively map a small area around you.
Your natural rate of healing is unusually fast.
You are weak. (Str -2)


Message History

Things that are here:
a +0 quarterstaff; a +0 robe; a spriggan corpse
x - 10 datura-tipped darts (gained 5) Really fly into a travel-excluded area?
There is an open door here.
Really fly into a travel-excluded area? [Y]es or [N]o only, please.
Really fly into a travel-excluded area?
Okay, then.
Really fly into a travel-excluded area?
Really fly into that cloud of freezing vapour? [Y]es or [N]o only, please.
Really fly into that cloud of freezing vapour?
You are engulfed in freezing vapours.
You resist.
You're standing in a cloud of freezing vapour!
You are engulfed in freezing vapours.
You resist.
You see here a +0 robe.
You reach down and open the door.
A black mamba simulacrum and a four-headed hydra simulacrum come into view.
You are engulfed in freezing vapours.
You resist.
Found a runed spear and an embroidered robe.
You hit the four-headed hydra simulacrum.
The four-headed hydra simulacrum is lightly damaged.
You are engulfed in freezing vapours.
You resist.
A six-headed hydra simulacrum comes into view.
The four-headed hydra simulacrum misses you.
The four-headed hydra simulacrum bites you.
The four-headed hydra simulacrum freezes you!
You resist.
You emit a cloud of dark smoke.
The four-headed hydra simulacrum bites you!
* * * LOW HITPOINT WARNING * * *
You emit a cloud of dark smoke.
The four-headed hydra simulacrum freezes you!
You resist.
* * * LOW HITPOINT WARNING * * *
The four-headed hydra simulacrum bites you.
* * * LOW HITPOINT WARNING * * *
The four-headed hydra simulacrum freezes you!
You resist.
You die...

♣~~~........~~~...#.^...^.#.†....
'♣≈≈≈≈≈≈≈≈≈≈≈≈♣♣P.'^......#......
♣♣♣♣♣♣♣♣♣♣♣♣♣♣♣♣PP#.......#######
♣♣ ♣♣♣##'########
'♣♣♣♣♣♣♣♣♣♣♣♣♣♣♣ ♣#...'.≈≈≈≈#
†##..##~~~~~≈..#,Z#...#.≈≈≈≈# *
##.##.#~~~~≈..†# Z#).)#.#≈≈§#
#†##.##'~~~≈≈####Z#####.# ≈§§#
#.##...#~~.○☼.☼°@°#.....# *≈≈§§
##.##.)#≈..°#######))PPP# ≈§≈
##.#####...#.....)#..)PP# *≈≈
...##†.....#♣♣♣._.#...)P# , * ≈
#####+###### #####'##### #.....+,
+, #.##### * *** #.# ,,, ,, * #.#
, #####


You could see a six-headed hydra simulacrum (wandering) and a four-headed hydra
simulacrum.

Vanquished Creatures
  Harold (D)
  Erolcha (D)
  2 hydras (D)
  Urug (D)
  A spriggan druid (D)
  A death drake (D)
  A lindwurm (D)
  Joseph (D)
  A deep elf pyromancer (D)
  2 cane toads (D)
  A komodo dragon (D)
  3 wandering mushrooms (D)
  A rime drake (D)
  A queen bee (D)
  2 tyrant leeches (D)
  An orc high priest (D)
  2 spriggans (D)
  A shadow (D)
  5 redbacks (D)
  A spatial vortex (D)
  4 orc warriors (D)
  A swamp drake (D)
  5 two-headed ogres (D)
  A necrophage (D)
  A water elemental (D)
  32 killer bees (D)
  An electric eel (D)
  A jelly (D)
  7 orc priests (D)
  A wizard (D)
  Jessica (D)
  A necromancer (D)
  A kobold demonologist (D)
  3 humans (D)
  A wolf (D)
  10 orcs (D)
  3 rats (D)
104 creatures vanquished.

Vanquished Creatures (others)
  2 plants (D)
2 creatures vanquished.

Grand Total: 106 creatures vanquished

Notes
Turn   | Place    | Note
-------+----------+-------------------------------------------
     0 | D        | mhtbhm the Spriggan Brigand began the quest for the Orb.
     0 | D        | Reached XP level 1. HP: 10/10 MP: 2/2
    10 | D        | Reached skill level 6 in Stealth
    22 | D        | Noticed Jessica
    23 | D        | Killed Jessica
    24 | D        | Reached skill level 9 in Stealth
    24 | D        | Reached XP level 2. HP: 15/15 MP: 3/3
    72 | D        | Reached skill level 10 in Stealth
    72 | D        | Reached XP level 3. HP: 18/18 MP: 4/4
   181 | D        | Reached skill level 11 in Stealth
   204 | D        | Gained mutation: You passively map a small area around you.
                  | [potion of mutation]
   204 | D        | Gained mutation: You are weak. (Str -2) [potion of
                  | mutation]
   204 | D        | Gained mutation: Your natural rate of healing is unusually
                  | fast. [potion of mutation]
   210 | D        | Noticed a water elemental
   212 | D        | Killed a water elemental
   213 | D        | Reached skill level 13 in Stealth
   213 | D        | Reached XP level 4. HP: 23/23 MP: 5/5
   224 | D        | Found a shadowy altar of Dithmenos.
   224 | D        | Noticed a necrophage
   225 | D        | Found a basalt altar of Yredelemnul.
   225 | D        | Found a sacrificial altar of Ru.
   227 | D        | Reached XP level 5. HP: 27/27 MP: 6/6
   228 | D        | Reached skill level 15 in Stealth
   236 | D        | Became a worshipper of Dithmenos the Shadowed
   253 | D        | Found a radiant altar of Vehumet.
   254 | D        | Found a shimmering blue altar of Sif Muna.
   254 | D        | Found an ancient bone altar of Kikubaaqudgha.
   258 | D        | Reached skill level 16 in Stealth
   258 | D        | Reached skill level 1 in Invocations
   272 | D        | Found a glowing silver altar of Zin.
   273 | D        | Found a glowing golden altar of the Shining One.
   273 | D        | Found a white marble altar of Elyvilon.
   273 | D        | Noticed a deep elf pyromancer
   275 | D        | Killed a deep elf pyromancer
   275 | D        | Reached * piety under Dithmenos
   276 | D        | Reached skill level 5 in Short Blades
   276 | D        | Reached skill level 5 in Throwing
   276 | D        | Reached skill level 19 in Stealth
   276 | D        | Reached XP level 6. HP: 33/33 MP: 6/10
   276 | D        | Reached XP level 7. HP: 37/37 MP: 6/11
   287 | D        | Found a hide-covered altar of Uskayaw.
   287 | D        | Found an iron altar of Okawaru.
   288 | D        | Found a bloodstained altar of Trog.
   288 | D        | Found an ornate altar of the Wu Jian Council.
   288 | D        | Noticed a human
   288 | D        | Noticed a human
   290 | D        | Killed a human
   291 | D        | Reached skill level 20 in Stealth
   291 | D        | Killed a human
   292 | D        | Reached skill level 5 in Invocations
   330 | D        | Noticed a shadow
   332 | D        | Killed a shadow
   332 | D        | Reached ** piety under Dithmenos
   333 | D        | Reached skill level 21 in Stealth
   333 | D        | Reached XP level 8. HP: 42/42 MP: 11/13
   338 | D        | Found a blossoming altar of Fedhas.
   338 | D        | Found a stormy altar of Qazlal.
   339 | D        | Found a snail-covered altar of Cheibriados.
   339 | D        | Found a burning altar of Makhleb.
   339 | D        | Found a hazy altar of Hepliaklqana.
   339 | D        | Found a shimmering altar of Xom.
   339 | D        | Found an opulent altar of Gozag.
   339 | D        | Found a sparkling altar of Nemelex Xobeh.
   339 | D        | Found a corrupted altar of Lugonu.
   339 | D        | Found a viscous altar of Jiyva.
   403 | D        | Reached skill level 22 in Stealth
   405 | D        | Reached *** piety under Dithmenos
   584 | D        | Noticed a two-headed ogre
   587 | D        | Killed a two-headed ogre
   588 | D        | Reached skill level 1 in Evocations
   592 | D        | Noticed a two-headed ogre
   592 | D        | Noticed Erolcha
   601 | D        | Killed a two-headed ogre
   602 | D        | Reached skill level 23 in Stealth
   602 | D        | Killed Erolcha
   603 | D        | Reached skill level 24 in Stealth
   603 | D        | Reached XP level 9. HP: 46/46 MP: 15/15
   722 | D        | Reached **** piety under Dithmenos
   856 | D        | Reached skill level 25 in Stealth
   902 | D        | Noticed a queen bee
   905 | D        | Reached ***** piety under Dithmenos
   906 | D        | Killed a queen bee
   906 | D        | Reached ****** piety under Dithmenos
   907 | D        | Reached skill level 26 in Stealth
   908 | D        | Reached XP level 10. HP: 13/51 MP: 17/17
  1117 | D        | Reached skill level 5 in Evocations
  1241 | D        | Reached skill level 27 in Stealth
  1344 | D        | Found Ishio's Book Shoppe.
  1448 | D        | Bought a book of Blood for 336 gold pieces
  1455 | D        | Learned a level 2 spell: Wereblood
  1494 | D        | Reached skill level 10 in Invocations
  1521 | D        | Noticed Harold
  1521 | D        | Noticed Joseph
  1523 | D        | Killed Joseph
  1525 | D        | Killed Harold
  1526 | D        | Reached skill level 10 in Throwing
  1540 | D        | Reached skill level 5 in Fighting
  1540 | D        | Reached skill level 5 in Dodging
  1599 | D        | Noticed an orange crystal statue
  1610 | D        | Found Deemyq's Distillery.
  1610 | D        | Found Goexipp's Book Shop.
  1610 | D        | Found Rauceyc's Antique Weapon Boutique.
  1610 | D        | Found Uliorchunu's Armour Emporium.
  1610 | D        | Found Zauxe's Antique Armour Shop.
  1610 | D        | Found Durrimig's Antique Weapon Emporium.
  1610 | D        | Found Kethrupn's Antique Armour Boutique.
  1611 | D        | Found Fuiderhi's Magic Scroll Boutique.
  1611 | D        | Found Ixiemuso's Antique Weapon Shoppe.
  1611 | D        | Found Ziefaoph's Jewellery Shop.
  1611 | D        | Found Utaacs's Jewellery Emporium.
  1652 | D        | Bought a runed hat for 189 gold pieces
  1665 | D        | Bought an embroidered robe for 99 gold pieces
  1677 | D        | Bought a scarf of repulsion for 132 gold pieces
  1686 | D        | Bought a potion of heal wounds for 70 gold pieces
  1686 | D        | Bought a potion of curing for 42 gold pieces
  1686 | D        | Bought a potion of berserk rage for 70 gold pieces
  1686 | D        | Bought 2 potions of resistance for 280 gold pieces
  1686 | D        | Bought a potion of resistance for 140 gold pieces
  1687 | D        | Bought a scroll of blinking for 105 gold pieces
  1691 | D        | Bought the ring "Ramm" {rElec rC+} for 546 gold pieces
  1699 | D        | Bought a ring of flight for 175 gold pieces
  1768 | D        | Noticed a cane toad
  1768 | D        | Noticed a cane toad
  1771 | D        | Killed a cane toad
  1772 | D        | Reached XP level 11. HP: 55/55 MP: 20/20
  1780 | D        | Reached skill level 10 in Evocations
  1797 | D        | Noticed a lindwurm
  1800 | D        | Killed a lindwurm
  1808 | D        | Noticed Urug
  1810 | D        | Killed Urug
  1914 | D        | Noticed a six-headed hydra
  1914 | D        | Noticed a seven-headed hydra
  1918 | D        | Killed a six-headed hydra
  1919 | D        | Reached skill level 10 in Short Blades
  1919 | D        | Killed a seven-headed hydra
  1931 | D        | Noticed a death drake
  1934 | D        | Killed a death drake
  1941 | D        | Found a blossoming altar of Fedhas.
  1941 | D        | Noticed a spriggan druid
  1945 | D        | Killed a spriggan druid
  1972 | D        | HP: 1/56 [four-headed hydra simulacrum (5)]
  1972 | D        | Mangled by a four-headed hydra simulacrum

Illustrated notes

Levels and vault maps discovered:
D:        dungeon_sprint_mu [sprint_mu_entry_cave, sprint_mu_temple_rooms,
          sprint_mu_d1_spiders, sprint_mu_d2_genie, sprint_mu_d3_branching,
          sprint_mu_orc_legion, sprint_mu_elf_gauntlet, sprint_mu_hive_nellie,
          sprint_mu_lair_fedhas, sprint_mu_vaults_butterflies,
          sprint_mu_slime_circle, sprint_mu_swamp_cave, sprint_mu_snake_twists,
          sprint_mu_blade_basic, sprint_mu_crypt_lich, sprint_mu_tomb_spiral,
          sprint_mu_vestibule_basic, sprint_mu_gehenna_hellfire,
          sprint_mu_dis_giant, sprint_mu_tartarus_statrot,
          sprint_mu_cocytus_islands, sprint_mu_zot1]

Skill      XL: |  1  2  3  4  5  6  7  8  9 10 11 |
---------------+----------------------------------+-----
Stealth        | 9 10 13 19 21 24 26 27 | 27.0
Fighting       | 2 3 4 5 |  5.7
Short Blades   | 3 4 5 6 7 8 10 | 10.8
Throwing       | 3 4 5 6 7 8 10 11 | 11.6
Dodging        | 2 5 7 |  7.0
Invocations    | 4 5 7 9 11 13 | 13.6
Evocations     | 2 4 9 12 | 12.5

Action                   |  1- 3 |  4- 6 |  7- 9 | 10-12 || total
-------------------------+-------+-------+-------+-------++-------
Melee: Dagger            |    11 |     5 |    11 |    58 ||    85
Throw: Dart              |     6 |       |    12 |     1 ||    19
Invok: Shadow Step       |       |       |       |     4 ||     4
Evoke: Lightning rod     |       |       |    14 |     5 ||    19
  Use: Potion            |     1 |       |       |       ||     1
       Scroll            |       |       |       |     3 ||     3
 Stab: Sleeping          |     4 |     5 |     8 |    26 ||    43
Armor: Robe              |       |       |       |     1 ||     1
Dodge: Dodged            |     3 |       |    14 |    22 ||    39

Table legend: (Time is in decaauts)
 A = Elapsed time spent in this place.
 B = Non-inter-level travel time spent in this place.
 C = Inter-level travel time spent in this place.
 D = Time resting spent in this place.
 E = Time spent auto-exploring this place.
 F = Levels seen in this place.
 G = Mean time per level.
                   A        B        C        D        E       F      G
               +--------+--------+--------+--------+--------+-----+--------+
         Total |   1657 |   1657 |      0 |   1003 |     17 |   1 | 1657.0 |
       Dungeon |   1657 |   1657 |      0 |   1003 |     17 |   1 | 1657.0 |
               +--------+--------+--------+--------+--------+-----+--------+

Top non-repeatable levels by time:
       D: 1657 daAuts
